 Dungeon Crawl Stone Soup version 0.17.1-3-g152610e (webtiles) character file.

51 DanteCalvez the Sneak (level 3, -1/24 HPs)
             Began as a Vampire Enchanter on Apr 19, 2016.
             Slain by Robin
             ... wielding a +3 short sword of venom
              (3 damage)
             ... on level 2 of the Dungeon.
             The game lasted 00:02:51 (952 turns).

DanteCalvez the Sneak (Vampire Enchanter)            Turns: 952, Time: 00:02:51

Health: -1/24      AC:  3    Str:  8    XL:     3   Next: 57%
Magic:  0/7        EV: 12    Int: 17    God:
Gold:   79         SH:  0    Dex: 14    Spells: 2 memorised, 4 levels left

rFire  . . .     SeeInvis +     a - +1 dagger
rCold  + . .     Clarity  .     b - +1 robe
rNeg   + + .     SustAt   .     (no shield)
rPois  +         Gourm    .     (no helmet)
rElec  .         Spirit   .     (no cloak)
rCorr  .         Warding  .     (no gloves)
rMut   .         Stasis   .     (no boots)
MR     .....                    (no amulet)
Stlth  +++.......               (no ring)
                                (no ring)

@: lethally poisoned (-1 -> -15), regenerating slowly, not resistant to hostile
enchantments, fairly stealthy
A: fangs 3, see invisible, unbreathing
a: Bat Form


You were on level 2 of the Dungeon.
You were thirsty.

You visited 1 branch of the dungeon, and saw 2 of its levels.

You collected 79 gold pieces.


Innate Abilities, Weirdness & Mutations

You heal slowly.
You have razor-sharp teeth.
You have supernaturally acute eyesight.
You can survive without breathing.


   Skills:
 - Level 1.1 Short Blades
 - Level 2.1 Dodging
 + Level 5.6 Stealth
 + Level 2.6 Spellcasting
 + Level 5.1 Hexes


You had 4 spell levels left.
You knew the following spells:

 Your Spells              Type           Power        Failure   Level  Hunger
a - Corona                Hex            ###....      2%          1    #......
s - Ensorcelled Hibernat  Hex/Ice        ##....       12%         2    ##.....

Inventory:

Hand Weapons
 a - a +1 dagger (weapon)
Armour
 b - a +1 robe (worn)
Scrolls
 d - 2 scrolls of teleportation {unknown}
 e - 2 scrolls of immolation {unknown}
 g - a scroll of enchant weapon {unknown}
Potions
 f - a potion of might {unknown}
 h - a potion of flight {unknown}
 q - 10 potions of blood {@q4}
Books
 c - a book of Maledictions

   Spells                             Type                      Level
   a - Corona                         Hexes                        1
   b - Ensorcelled Hibernation        Hexes/Ice                    2
   c - Confuse                        Hexes                        3
   d - Tukima's Dance                 Hexes                        3
   e - Dazzling Spray                 Conjuration/Hexes            3

Dungeon Overview and Level Annotations

Branches:
Dungeon (2/15)

Altars:

Annotations:
D:2 Robin

.##.##..)).....#.#
....####.#####)#.#
##..####.#.......#
#..........#...###########
##.)............<.........####
...###.##...#....#####(......#
#### #.#########.# #.##.##.#
##.## #g# #.##.##.#### #...#
#V# #.##........ #...# #g#
#.#####.#### #...#
###g#####.#####.# ## #...#
##.gg............# #.
#####...#####.....#.###......#
#.
..........†g..(...#.###......#
#.
....%.....†..................#
#.
...............##.#...#......#
#.
#####...#####..##.#...#......#
#.


You could see Robin, a hobgoblin (frenzied) and 3 goblins.


Message History

You hit the goblin.
You kill the goblin!
Robin says, "My goblins will feast on your bones."
The goblin hits you but does no damage. Robin throws the goblin at you!
The goblin barely misses you.
Aiming: Ensorcelled Hibernation
Aim: Robin, wielding a short sword of venom, wearing an animal skin and wearing a helmet (fast, chance to defeat MR: 50%) Robin resists with some effort.
Robin barely misses you. The goblin closely misses you.
Aiming: Corona
Aim: Robin, wielding a short sword of venom, wearing an animal skin and wearing a helmet (fast, chance to defeat MR: 66%) Robin is outlined in light.
Robin roars a battlecry!
The hobgoblin goes into a battle-frenzy!
Robin hits you with a short sword of venom. x2
* * * LOW HITPOINT WARNING * * *
The goblin hits you with a club.
* * * LOW HITPOINT WARNING * * *
You hear a shout!
You hit Robin. Your bite misses Robin.
Robin is lightly wounded.
Robin hits you with a short sword of venom.
* * * LOW HITPOINT WARNING * * *
You are lethally poisoned!
You hit Robin.
Robin is moderately wounded.
* * * LOW HITPOINT WARNING * * *
You feel sick.
Robin hits you with a short sword of venom.
You die...

Action                   || total
-------------------------++-------
Melee: Dagger            ||   104
 Cast: Corona            ||     9
       Ensorcelled Hiber ||    15
 Stab: Sleeping          ||    18

Vault maps used:
D:1:      saegor_arrival_simple_d, hex_tiny
D:2:      uniq_robin, uniq_natasha

Notes
Turn   | Place    | Note
--------------------------------------------------------------
     0 | D:1      | DanteCalvez the Vampire Enchanter began the quest for the Orb.
     0 | D:1      | Reached XP level 1. HP: 13/13 MP: 3/3
    67 | D:1      | Reached XP level 2. HP: 7/19 MP: 0/5
    77 | D:1      | Learned a level 2 spell: Ensorcelled Hibernation
   413 | D:1      | Reached skill level 5 in Stealth
   743 | D:2      | Reached XP level 3. HP: 22/24 MP: 2/6
   768 | D:2      | Reached skill level 5 in Hexes
   921 | D:2      | Noticed Robin
   952 | D:2      | HP: 2/24 [poisoned by Robin]
   952 | D:2      | Slain by Robin

Vanquished Creatures
  An adder (D:2)
  5 goblins
  6 hobgoblins
  7 jackals
  8 kobolds
  A quokka (D:2)
  3 bats (D:1)
  3 giant cockroaches
  4 rats (D:1)
38 creatures vanquished.
